 Dungeon Crawl Stone Soup version 0.24.0-13-gcf9b319 (webtiles) character file.

Game seed: 10231546383262733475, levelgen mode: deterministic

247 tkappleton the Sneak (level 6, 0/28 HPs)
             Began as a Vine Stalker Venom Mage on Nov 10, 2019.
             Killed from afar by an orc wizard (2 damage)
             ... with a puff of flame
             ... on level 3 of the Dungeon.
             The game lasted 00:19:20 (3518 turns).

tkappleton the Sneak (Vine Stalker Venom Mage)      Turns: 3518, Time: 00:19:21

Health: 0/28       AC:  3    Str: 14    XL:     6   Next: 11%
Magic:  0/12       EV: 13    Int: 17    God:
Gold:   105        SH:  0    Dex: 14    Spells: 10/11 levels left

rFire    . . .     SeeInvis .   m - +3 dagger
rCold    . . .     Gourm    .   (no shield)
rNeg     . . .     Faith    .   a - +0 robe
rPois    .         Spirit   +   (no helmet)
rElec    .         Reflect  .   (no cloak)
rCorr    .         Harm     .   (no gloves)
MR       .....                  i - +0 pair of boots
Stlth    ++++......             (no amulet)
HPRegen  0.49/turn              b - +3 ring of strength
MPRegen  0.13/turn              k - ring of stealth

@: no status effects
A: fangs 2, regeneration 1, magic shield, antimagic bite, no potion heal 3, rot
immunity
a: no special abilities


You were on level 3 of the Dungeon.
You were not hungry.

You visited 1 branch of the dungeon, and saw 3 of its levels.

You collected 105 gold pieces.

Inventory:

Hand Weapons
 m - a +3 dagger (weapon)
Armour
 a - a +0 robe (worn)
 i - a +0 pair of boots (worn)
Jewellery
 b - a +3 ring of strength (left hand)
 j - an uncursed ring of protection from cold
 k - a ring of stealth (right hand)
Scrolls
 d - a scroll of identify {unknown}
 e - 2 scrolls of enchant weapon {unknown}
 g - 3 scrolls of fog {unknown}
 h - a scroll of remove curse {unknown}
Potions
 l - a potion of ambrosia {unknown}
Comestibles
 c - 4 rations
 f - 3 chunks of flesh


   Skills:
 + Level 2.6 Dodging
 + Level 4.1 Stealth
 + Level 3.4 Spellcasting
 + Level 2.7 Conjurations
 + Level 3.9 Poison Magic


You had 10 spell levels left.
You knew the following spells:

 Your Spells              Type           Power        Failure   Level  Hunger
a - Sting                 Conj/Pois      ##..         4%          1    None

Your spell library contained the following spells:

 Spells                   Type           Power        Failure   Level  Hunger
 Poisonous Vapours        Pois/Air       #.....       11%         2    ##.....
 Mephitic Cloud           Conj/Pois/Air  ##......     21%         3    ###....
 Olgreb's Toxic Radiance  Pois           ###.....     32%         4    ####...
 Venom Bolt               Conj/Pois      ##........   75%         5    ######.


Dungeon Overview and Level Annotations

Branches:
Dungeon (3/15)

Altars:
Elyvilon
Makhleb
Qazlal
The Shining One


Innate Abilities, Weirdness & Mutations

You have extremely sharp teeth.
Your natural rate of healing is unusually fast.
When hurt, damage is shared between your health and your magic reserves.
Your bite disrupts and absorbs the magic of your enemies.
Potions cannot restore your health.
You are immune to rotting.


Message History

Your experience leads to an increase in your attributes!
Your base attributes are Str 11, Int 16, Dex 14.
Increase (S)trength, (I)ntelligence, or (D)exterity?
You feel clever.
Casting: Sting (safe; 4% risk of failure)
Confirm with . or Enter, or press ? or * to list all spells.
You don't have enough magic to cast that spell.
You hit the orc wizard. You bite the orc wizard.
The orc wizard's magic leaks into the air.
You drain its magic.
You feel invigorated.
The orc wizard is heavily wounded.
The orc wizard hits you with a +0 dagger.
* * * LOW HITPOINT WARNING * * *
You barely miss the orc wizard.
The orc wizard is heavily wounded.
The orc wizard hits you with a +0 dagger.
* * * LOW HITPOINT WARNING * * *
The orc wizard gestures at you while chanting.
The puff of flame hits you.
You die...

#######...# #.#
#.........# #.#
#.######..######
#.#
#.(.....#####..
##.#.......###.
######)#.#####.
. #...o).).#
#)####.#o# #.#
#.#@# #o# #.#.#
#(## oo#.. #.#)#
..####
.(###....... #.#
##...## #. o#.#
# oo o. ..###


You could see an orc wizard.

Vanquished Creatures
  2 orc wizards (D:3)
  A worker ant (D:2)
  3 gnolls (D:3)
  8 adders
  2 oozes
  A worm (D:2)
  2 leopard geckos (D:2)
  An orc (D:3)
  8 bats
  4 giant cockroaches
  10 hobgoblins
  4 jackals (D:2)
  7 kobolds
  3 quokkas (D:2)
  A ball python (D:3)
  4 frilled lizards (D:2)
  7 goblins
  5 rats
73 creatures vanquished.

Notes
Turn   | Place    | Note
-------+----------+-------------------------------------------
     0 | D:1      | tkappleton the Vine Stalker Venom Mage began the quest for
                  | the Orb.
     0 | D:1      | Reached XP level 1. HP: 9/9 MP: 4/4
   243 | D:1      | Reached XP level 2. HP: 6/13 MP: 0/6
   784 | D:1      | Found a glowing golden altar of the Shining One.
  1034 | D:2      | Reached skill level 3 in Stealth
  1034 | D:2      | Reached XP level 3. HP: 5/16 MP: 1/7
  1337 | D:2      | Found a white marble altar of Elyvilon.
  1959 | D:2      | Gained mutation: Your natural rate of healing is unusually
                  | fast. [Vine Stalker growth]
  1959 | D:2      | Reached XP level 4. HP: 21/21 MP: 4/9
  2174 | D:2      | Found a burning altar of Makhleb.
  2453 | D:2      | Found a stormy altar of Qazlal.
  2646 | D:2      | Reached XP level 5. HP: 24/24 MP: 6/10
  3515 | D:3      | Reached skill level 4 in Stealth
  3516 | D:3      | Reached XP level 6. HP: 7/28 MP: 0/12
  3518 | D:3      | Killed from afar by an orc wizard

Levels and vault maps discovered:
D:1:      giann_forest_graveyard, layout_basic, tso_altar
D:2:      layout_basic, overflow_temple_1_default, old_standard_altar,
          elyvilon_altar_5
D:3:      layout_loops_ring, ebering_ghost_reflecting_pool,
          minmay_misc_feat_secret_circle, lexackson_kobold_supper

Skill      XL: |  1  2  3  4  5 |
---------------+----------------+-----
Stealth        | 3 4 |  4.1
Dodging        | 2 |  2.6
Conjurations   | 2 |  2.7
Spellcasting   | 3 |  3.4
Poison Magic   | |  3.9

Action                   |  1- 3 |  4- 6 || total
-------------------------+-------+-------++-------
Melee: Unarmed           |    10 |     6 ||    16
       Bite              |     2 |     6 ||     8
       Dagger            |       |     8 ||     8
 Cast: Sting             |    70 |   100 ||   170
  Use: Potion            |     2 |       ||     2
  Eat: Chunk             |     4 |     5 ||     9
Armor: Robe              |     5 |     4 ||     9
Dodge: Dodged            |    25 |    22 ||    47
